 Dungeon Crawl Stone Soup version 0.18-a0-1435-gee79d65 (webtiles) character file.

4815 Duffy the Grappler (level 10, -4/95 (96) HPs)
             Began as a Troll Fighter on Feb 28, 2016.
             Was an Elder of Cheibriados.
             Killed from afar by Maurice (16 damage)
             ... with a wand of acid
             ... on level 8 of the Dungeon.
             The game lasted 00:11:43 (8236 turns).

Duffy the Grappler (Troll Fighter)                  Turns: 8236, Time: 00:11:43

HP:   -4/95 (96)    AC:  3    Str: 36    XL:     10   Next: 24%
MP:   0/13          EV: 13    Int: 14    God:    Cheibriados [****..]
Gold: 400           SH:  0    Dex: 19    Spells: 0 memorised, 9 levels left

rFire  . . .     SeeInvis .       - Unarmed
rCold  . . .     Gourm    +     a - +0 robe
rNeg   . . .     Faith    .     (no shield)
rPois  .         Spirit   +     (helmet restricted)
rElec  .         Dismiss  .     S - +1 cloak
rCorr  .         Reflect  .     (gloves unavailable)
SustAt .         Harm     .     (boots unavailable)
MR     .....                    B - amulet of guardian spirit
Stlth  ++........               (no ring)
                                (no ring)

@: corroded equipment, very slow, not resistant to hostile enchantments,
unstealthy
A: unfitting armour, claws 3, fast metabolism 3, gourmand, regeneration 2,
shaggy fur 1, tough skin 2
a: Bend Time, Temporal Distortion, Slouch, Renounce Religion


You were on level 8 of the Dungeon.
You worshipped Cheibriados.
Cheibriados was greatly pleased with you.
You were completely stuffed.

You visited 2 branches of the dungeon, and saw 9 of its levels.
You also visited: Ossuary.

You collected 400 gold pieces.


Innate Abilities, Weirdness & Mutations

You are too large for most types of armour.
You have claws for hands.
Your metabolism is lightning-fast.
You like to eat raw meat.
You heal very quickly.
You are covered in fur (AC +1).
You have very tough skin (AC +2).


   Skills:
 - Level 5.4 Fighting
 - Level 4.8 Dodging
   Level 2.4 Shields
 + Level 11.4 Unarmed Combat
 + Level 5.5 Invocations


You had 9 spell levels left.
You didn't know any spells.

Inventory:

Hand Weapons
 w - a +0 blowgun
Missiles
 p - 6 javelins (quivered)
 x - 31 poisoned needles
 L - 2 steel javelins
 P - a throwing net
Armour
 a - a +0 robe (worn)
 S - a +1 cloak (worn)
Jewellery
 n - an uncursed amulet of magic regeneration
 s - an uncursed ring of resist corrosion
 B - an amulet of guardian spirit (around neck)
Wands
 z - a wand of flame (33/48)
Scrolls
 h - 2 scrolls of remove curse
 k - 2 scrolls of magic mapping {unknown}
 l - 5 scrolls of teleportation
 r - 4 scrolls of blinking {unknown}
 v - 4 scrolls of recharging
 y - 2 scrolls of fog {unknown}
 C - 3 scrolls of immolation {unknown}
 F - a scroll of holy word
 G - 2 scrolls of enchant armour
 Q - 3 scrolls of torment {unknown}
Potions
 c - a potion of might
 e - 2 potions of invisibility
 g - 7 potions of curing
 i - a potion of flight {unknown}
 t - 3 potions of agility
 D - 4 potions of brilliance
 E - a potion of cancellation
 N - a potion of cure mutation
Books
 H - a book of Summonings
Comestibles
 d - 12 bread rations
 f - a royal jelly
 o - 8 beef jerkies
 I - 2 fruits
 K - 2 meat rations
 R - 3 chunks of flesh

Dungeon Overview and Level Annotations

Branches:
Dungeon (8/15)             Temple (1/1) D:5
   Lair: D:8-11

Altars:
Ashenzari
Cheibriados
Dithmenos
Elyvilon
Fedhas
Gozag
Kikubaaqudgha
Makhleb
Nemelex Xobeh
Okawaru
Pakellas
Qazlal
Ru
Sif Muna
Trog
Vehumet
Xom
Yredelemnul
Zin
The Shining One

Annotations:
D:8 Maurice


Message History

No target in view!
No target in view!
No target in view!
No target in view!
No target in view!
No target in view!
No target in view!
No target in view!
No target in view!
No target in view!
No target in view!
You closely miss something. You claw something!!
You hear some strange, mumbled words.
Something hits you.
Something steals your wand of acid {recharged}!
Something hits you.
Something steals your +0 shield!
Some of the chunks of flesh in your inventory have rotted away.
You hear some strange, mumbled words.
You hear a zap.
A bolt of acid appears from out of thin air!
The bolt of acid hits you!
The acid burns!
You hear a zap.
A bolt of acid appears from out of thin air!
The bolt of acid misses you.
You swing at nothing.
You hear a zap.
A bolt of acid appears from out of thin air!
The bolt of acid hits you! The acid corrodes you!
The acid burns!
You swing at nothing.
You swing at nothing.
Maurice appears from thin air!
Reactivating autopickup.
Maurice zaps a wand.
The bolt of acid hits you!
The acid burns!
It is a wand of acid {recharged}.
Maurice zaps a wand.
The bolt of acid hits you!
You die...

## ### #. .. #. .#
#####.#######.####..
..........@@........ ...
........>.###.....#. ....
.#..........# ..####. ...
.............# .## ##. ...
............)##..# #..###.#
................####......#
#.#..###?$.#...........#.###
#....###..####..###..#..[..#
#..#.....$###..............#


You could see Maurice.

Action                   |  1- 3 |  4- 6 |  7- 9 | 10-12 || total
-------------------------+-------+-------+-------+-------++-------
Melee: Unarmed           |    96 |   167 |   409 |    93 ||   765
Throw: Javelin           |       |       |     3 |       ||     3
  Use: Scroll            |       |       |       |    14 ||    14
 Stab: Sleeping          |       |     1 |     3 |     1 ||     5
       Distracted        |       |       |     1 |       ||     1
  Eat: Chunk             |    18 |    13 |    38 |     7 ||    76

Notes
Turn   | Place    | Note
--------------------------------------------------------------
     0 | D:1      | Duffy the Troll Fighter began the quest for the Orb.
     0 | D:1      | Reached XP level 1. HP: 22/22 MP: 0/0
   271 | D:1      | Reached XP level 2. HP: 29/29 MP: 1/1
   299 | D:1      | Reached skill level 3 in Unarmed Combat
  1108 | D:2      | Reached XP level 3. HP: 34/36 MP: 2/2
  1144 | D:2      | Found a shimmering altar of Xom.
  1220 | D:2      | Reached skill level 4 in Unarmed Combat
  1375 | D:2      | Reached XP level 4. HP: 44/44 MP: 3/3
  1731 | D:2      | Found a stormy altar of Qazlal.
  1966 | D:3      | Noticed Ijyb
  1976 | D:3      | Killed Ijyb
  1976 | D:3      | Reached skill level 5 in Unarmed Combat
  1978 | D:3      | Reached XP level 5. HP: 50/50 MP: 4/4
  2098 | D:3      | Noticed Sigmund
  2114 | D:3      | Killed Sigmund
  2114 | D:3      | Reached skill level 6 in Unarmed Combat
  2114 | D:3      | Reached XP level 6. HP: 17/59 MP: 5/5
  2428 | D:3      | Reached skill level 7 in Unarmed Combat
  2466 | D:3      | Noticed Natasha
  2481 | D:3      | Killed Natasha
  2710 | D:3      | Noticed Grinder
  2720 | D:3      | Killed Grinder
  2720 | D:3      | Reached skill level 8 in Unarmed Combat
  2720 | D:3      | Reached XP level 7. HP: 51/66 MP: 6/6
  2839 | D:4      | Noticed geek's ghost (amateur TrMo)
  2919 | D:3      | Noticed Natasha
  2925 | D:3      | Killed Natasha
  3337 | D:3      | Noticed Natasha
  3340 | D:3      | Killed Natasha
  3421 | D:4      | Reached skill level 9 in Unarmed Combat
  3619 | D:5      | Entered Level 5 of the Dungeon
  3663 | D:5      | Reached XP level 8. HP: 53/74 MP: 4/7
  3699 | D:5      | Found a shadowy altar of Dithmenos.
  3734 | D:5      | Found a white marble altar of Elyvilon.
  3803 | D:5      | Found a glowing silver altar of Zin.
  3848 | D:5      | Reached skill level 10 in Unarmed Combat
  4023 | D:5      | Found a sacrificial altar of Ru.
  4031 | D:5      | Reached skill level 3 in Fighting
  4170 | D:5      | Found a staircase to the Ecumenical Temple.
  4185 | Temple   | Entered the Ecumenical Temple
  4219 | Temple   | Became a worshipper of Cheibriados the Contemplative
  4484 | D:5      | Found an ancient bone altar of Kikubaaqudgha.
  4755 | D:5      | Reached skill level 4 in Fighting
  4897 | D:6      | Found an oddly glowing altar of Pakellas.
  4958 | D:6      | Found an iron altar of Okawaru.
  5275 | D:6      | Reached skill level 5 in Fighting
  5606 | D:6      | Reached skill level 3 in Dodging
  5613 | D:6      | Reached * piety under Cheibriados
  5613 | D:6      | Reached XP level 9. HP: 11/88 MP: 1/8
  5783 | D:6      | Found a burning altar of Makhleb.
  5911 | D:7      | Reached skill level 4 in Dodging
  6008 | D:7      | Found a sand-covered staircase.
  6017 | Ossuary  | Entered an ossuary
  6115 | Ossuary  | Reached ** piety under Cheibriados
  6158 | Ossuary  | Reached skill level 1 in Invocations
  6353 | D:7      | Noticed Menkaure
  6358 | D:7      | Killed Menkaure
  6358 | D:7      | Reached skill level 2 in Invocations
  6519 | D:7      | Found a shattered altar of Ashenzari.
  6525 | D:7      | Reached skill level 3 in Invocations
  6572 | D:7      | Reached *** piety under Cheibriados
  6706 | D:7      | Found a blossoming altar of Fedhas.
  6910 | D:7      | Noticed Prince Ribbit
  6917 | D:7      | Reached skill level 4 in Invocations
  6918 | D:7      | Killed Prince Ribbit
  6918 | D:7      | Reached skill level 11 in Unarmed Combat
  7047 | D:7      | Noticed Crazy Yiuf
  7052 | D:7      | Killed Crazy Yiuf
  7213 | D:7      | Reached XP level 10. HP: 95/95 MP: 12/12
  7512 | D:4      | Killed geek's ghost
  7729 | D:4      | Reached skill level 5 in Invocations
  7959 | D:8      | Reached **** piety under Cheibriados
  8187 | D:8      | Found a deep blue altar of Sif Muna.
  8191 | D:8      | Found an opulent altar of Gozag.
  8214 | D:8      | Noticed Maurice
  8236 | D:8      | Killed from afar by Maurice

Vault maps used:
D:1:      dpeg_arrival_three_same_balls
D:2:      nicolae_overflow_crystal_walls, grunt_qazlal_sundering, first_bread,
          kennysheep_generic_room_14
D:3:      grunt_ministairs_9, uniq_natasha, uniq_sigmund, uniq_grinder,
          uniq_iyjb
D:4:      serial_bayou_pond_c
D:5:      lemuel_doored_altar, elyvilon_altar_5, kennysheep_mini,
          kennysheep_little_box, temple_pool_a, nicolae_ru_path_of_blood
D:6:      okawaru_gym_becter, makhleb_blood_cavern_becter, lemuel_round_altar
D:7:      overflow_temple_1_default, ashenzari_conservatory_becter,
          lightli_ossuary_entry_decrepit_ruins, grunt_ogre_cave,
          uniq_crazy_yiuf_cottage, uniq_menkaure, uniq_prince_ribbit1
D:8:      kennysheep_mini_moat, nicolae_gozag_cash_rules_everything_around_me,
          uniq_maurice
Temple:   temple_island_7
Ossuary:  minmay_ossuary_two_tombs

Vanquished Creatures
  The ghost of geek the Ruffian, an amateur TrMo Grinder Prince Ribbit Sigmund Menkaure
  2 orc warriors
  3 ice beasts
  2 phantoms
  A necrophage
  6 ogres
  A centaur
  2 elf zombies
  4 giant frogs
  3 scorpions
  6 killer bees
  3 wights
  A howler monkey
  4 human zombies
  A centaur zombie
  A giant frog zombie
  A wasp zombie
  5 orc priests
  5 hounds
  A jelly
  A giant frog skeleton
  3 iguanas
  8 orc wizards
  Ijyb Crazy Yiuf Natasha (thrice)
  5 worker ants
  2 big kobold zombies
  3 hound skeletons
  3 mummies
  2 worker ant zombies
  3 gnolls
  14 adders
  3 oozes
  7 adder zombies
  An adder skeleton
  4 worms
  4 dart slugs
  5 giant geckos
  35 orcs
  2 ball pythons
  8 giant cockroaches
  2 gnoll zombies
  9 goblins
  5 hobgoblins
  11 jackals
  8 kobolds
  3 quokkas
  A ball python skeleton
  10 bats
  10 giant newts
  2 goblin zombies
  4 hobgoblin zombies
  3 jackal zombies
  2 kobold zombies
  2 orc zombies
  4 quokka zombies
  9 rats
  A rat zombie
261 creatures vanquished.
